 Dungeon Crawl Stone Soup version 0.29-a0-509-g793eeb5391 (webtiles) character file.

Game seed: 14688216643821803665

1225 LabCoat the Cleaver (level 8, -2/69 HPs)
             Began as a Hill Orc Fighter on May 29, 2022.
             Was an Initiate of Trog.
             Slain by Maggie
             ... wielding a +2 glaive of flaming
              (10 damage)
             ... on level 6 of the Dungeon.
             The game lasted 00:17:34 (5009 turns).

LabCoat the Cleaver (Hill Orc Fighter)              Turns: 5009, Time: 00:17:35

Health: -2/69      AC:  9    Str: 21    XL:     8   Next: 47%
Magic:  8/8        EV:  7    Int:  8    God:    Trog [......]
Gold:   326        SH:  5    Dex: 10    Spells: 7/7 levels left

rFire   + . .      SeeInvis .   a - +1 war axe
rCold   x . .      Faith    .   c - +1 buckler
rNeg    . . .      Spirit   .   x - +0 chain mail
rPois   .          Reflect  .   e - +0 hat
rElec   .          Harm     .   (no cloak)
rCorr   .          Rampage  .   (no gloves)
Will    .....                   (no boots)
Stlth   ..........              (no amulet)
HPRegen 0.21/turn               i - ring of fire
MPRegen 0.11/turn               (no ring)

@: mighty
A: no striking features
a: Renounce Religion


You were on level 6 of the Dungeon.
You worshipped Trog.
Trog was noncommittal.
You visited 2 branches of the dungeon, and saw 7 of its levels.

You collected 326 gold pieces.

Inventory:

Hand Weapons
 a - a +1 war axe (weapon)
 f - a +0 mace
 h - the +7 hunting sling "LabCoat's Foe" {venom, rElec rC- rN+ Dex+3}
   (You found it on level 2 of the Dungeon)

   Any ammunition fired from it poisons the flesh of those it strikes.
   Dex:       It affects your dexterity (+3).
   rC:        It makes you vulnerable to cold.
   rElec:     It insulates you from electricity.
   rN:        It protects you from negative energy.
 q - a +0 flail
Missiles
 j - 2 atropa-tipped darts
 k - 143 stones (quivered)
 p - a throwing net
Armour
 c - a +1 buckler (worn)
 e - a +0 hat (worn)
 x - a +0 chain mail (worn)
Jewellery
 i - a ring of fire (left hand)
 o - a +4 ring of slaying
 y - a ring of ice
Wands
 s - a wand of digging (8)
Scrolls
 d - a scroll of blinking
 l - a scroll of enchant weapon
 m - 2 scrolls of fog
 n - 3 scrolls of amnesia
 u - 2 scrolls of teleportation {unknown}
 w - a scroll of identify
 z - a scroll of summoning {unknown}
Potions
 g - a potion of brilliance
 t - 2 potions of haste {unknown}
 v - 2 potions of heal wounds {unknown}


   Skills:
 + Level 5.5 Fighting
 * Level 10.0 Axes
 - Level 0.5(1.8) Slings
 * Level 2.7(2.8) Throwing
 + Level 5.1 Armour
 + Level 4.1 Shields
 + Level 0.3 Evocations


You had 7 spell levels left.
You didn't know any spells.
Your spell library contained the following spells:

 Spells                   Type           Power      Damage    Failure   Level
 Foxfire                  Conj/Fire      0%         2x1d4     99%         1
 Freeze                   Ice            0%         1d3       99%         1
 Sandblast                Erth           0%         2d4       99%         1
 Blink                    Tloc           0%         N/A       100%        2
 Passwall                 Tmut/Erth      0%         N/A       100%        2
 Conjure Flame            Conj/Fire      0%         6-21      100%        3
 Frozen Ramparts          Ice            0%         1d2       100%        3
 Inner Flame              Hex/Fire       0%         N/A       100%        3
 Stone Arrow              Conj/Erth      0%         3d7       100%        3
 Flame Wave               Conj/Fire      0%         2d4       100%        4
 Hailstorm                Conj/Ice       0%         3d3       100%        4
 Manifold Assault         Tloc           0%         N/A       100%        5
 Storm Form               Tmut/Air       0%         N/A       100%        7


Dungeon Overview and Level Annotations

Branches:
Dungeon (6/15)             Temple (1/1) D:6

Altars:
Ashenzari
Cheibriados
Dithmenos
Elyvilon
Fedhas
Gozag
Kikubaaqudgha
Makhleb
Nemelex Xobeh
Okawaru
Qazlal
Ru
Sif Muna
Trog
Uskayaw
Vehumet
Wu Jian
Xom
Yredelemnul
Zin
The Shining One

Annotations:
D:4 3 runed translucent doors, ouz's ghost, amateur VSBr
D:6 Maggie


Message History

Aim: Maggie, wielding a +2 glaive of flaming and wearing +2 steam dragon scales (moderately wounded, mesmerising, 59% to hit)
Okay, then.
Aiming: Iceblast
Press: ? - help, Shift-Dir - straight line, f/p - Maggie
Aim: Maggie, wielding a +2 glaive of flaming and wearing +2 steam dragon scales (moderately wounded, mesmerising)
The mass of ice explodes!
The iceblast engulfs Maggie!
Maggie is heavily wounded.
The now-empty wand crumbles to dust.
You are no longer entranced.
An ice beast comes into view.
Maggie mumbles some strange words.
Maggie attempts to bespell you! You resist.
You closely miss Maggie.
Maggie is heavily wounded.
Maggie casts a spell at you. The bolt of fire hits you! You resist.
Maggie hits you from afar with a +2 glaive of flaming!
Maggie hits you with a +2 glaive of flaming!
Maggie burns you.
You slash Maggie!
Maggie is severely wounded.
Maggie hits you with a +2 glaive of flaming.
You completely miss Maggie.
Maggie is severely wounded.
You block Maggie's attack.
You slash Maggie!
Maggie is almost dead.
Maggie hits you with a +2 glaive of flaming!
* * * LOW HITPOINT WARNING * * *
Maggie burns you.
* * * LOW HITPOINT WARNING * * *
A steam dragon comes into view.
You feel very mighty all of a sudden. Maggie gestures at you while chanting.
The bolt of fire hits you! You resist.
* * * LOW HITPOINT WARNING * * *
You closely miss Maggie.
Maggie is almost dead.
Maggie hits you with a +2 glaive of flaming!
You die...

####....#########....#
#.)....## #.#.##
#.......# #.###
#....)..# #.#
#.......# #####.#### .
#.....### #........#
..####..## #.###.##..
....###.# #.# #....#
....###@# #.# ####..
.D..###@# #.# #.#
......wO# #.######.#
.......Y# #........#
._......# ###.####.#
.......## #).# #.#
....... ##># #.#
....### ### #..
....### ###


You could see Maggie, a steam dragon, an ice beast, an ogre and a worm.

Vanquished Creatures
  Sigmund (D:4)
  A steam dragon (D:6)
  A water moccasin (D:6)
  An ice beast (D:4)
  2 ogres (D:4)
  2 scorpions
  2 howler monkeys
  2 hounds (D:5)
  An orc priest (D:6)
  An iguana (D:4)
  A gnoll shaman (D:5)
  2 orc wizards (D:6)
  7 gnolls
  4 adders
  A shadow imp (D:6)
  A worm (D:5)
  2 dart slugs
  2 orcs
  2 ball pythons
  6 endoplasms
  4 giant cockroaches
  6 hobgoblins
  4 jackals (D:1)
  2 quokkas
  7 bats
  5 frilled lizards
  8 goblins
  8 kobolds
  4 rats
90 creatures vanquished.

Notes
Turn   | Place    | Note
-------+----------+-------------------------------------------
     0 | D:1      | LabCoat the Hill Orc Fighter began the quest for the Orb.
     0 | D:1      | Reached XP level 1. HP: 19/19 MP: 1/1
    94 | D:1      | Reached skill level 3 in Axes
    94 | D:1      | Reached XP level 2. HP: 27/27 MP: 2/2
   403 | D:1      | Reached XP level 3. HP: 33/33 MP: 3/3
   952 | D:2      | Identified the +7 hunting sling "LabCoat's Foe" {venom,
                  | rElec rC- rN+ Dex+3}
  1339 | D:2      | Found a white marble altar of Elyvilon.
  1430 | D:2      | Reached skill level 4 in Axes
  1799 | D:3      | You fall into a shaft and drop 1 floor!
  1826 | D:4      | Reached XP level 4. HP: 39/40 MP: 4/4
  1915 | D:4      | Found a white marble altar of Elyvilon.
  2041 | D:4      | Noticed an ogre
  2047 | D:4      | Killed an ogre
  2048 | D:4      | Reached skill level 5 in Axes
  2048 | D:4      | Reached XP level 5. HP: 47/47 MP: 5/5
  2058 | D:4      | Noticed ouz's ghost (amateur VSBr)
  2068 | D:4      | Found a runed translucent gate.
  2068 | D:4      | Found a runed translucent gate.
  2068 | D:4      | Found a runed translucent gate.
  2173 | D:4      | Noticed an ice beast
  2173 | D:4      | Noticed an ogre
  2184 | D:4      | Killed an ice beast
  2185 | D:4      | Reached skill level 6 in Axes
  2185 | D:4      | Reached XP level 6. HP: 39/53 MP: 6/6
  2192 | D:4      | Reached skill level 1 in Throwing
  2195 | D:4      | Reached skill level 7 in Axes
  2596 | D:4      | Found an ornate altar of the Wu Jian Council.
  2596 | D:4      | Noticed Sigmund
  2597 | D:4      | Found a sacrificial altar of Ru.
  2616 | D:4      | Killed Sigmund
  2617 | D:4      | Reached XP level 7. HP: 37/60 MP: 7/7
  2869 | D:5      | Entered Level 5 of the Dungeon
  3090 | D:5      | Reached skill level 8 in Axes
  3118 | D:5      | Reached skill level 5 in Fighting
  3455 | D:5      | Found a shadowy altar of Dithmenos.
  4028 | D:6      | Reached skill level 9 in Axes
  4028 | D:6      | Reached XP level 8. HP: 48/68 MP: 8/8
  4319 | D:6      | Reached skill level 5 in Armour
  4705 | D:6      | Found a staircase to the Ecumenical Temple.
  4712 | Temple   | Entered the Ecumenical Temple
  4864 | Temple   | Became a worshipper of Trog the Wrathful
  4979 | D:6      | Reached skill level 10 in Axes
  4991 | D:6      | Found a snail-covered altar of Cheibriados.
  4993 | D:6      | Noticed Maggie
  5009 | D:6      | Slain by Maggie

Illustrated notes

Levels and vault maps discovered:
D:1:      matt_arrival_grand_opening, layout_basic,
          chequers_serial_rivers_small_3
D:2:      layout_loops_ring, basic_altar, nrook_loot_triangle
D:3:      layout_basic, worldfamousw_hep_ancestral_shrine, serial_curves,
          eino_curves_03, eino_curves_01
D:4:      layout_basic, mainiacjoe_overflow_concentric_impassable,
          gammafunk_temple_overflow_pools, gammafunk_ghost_split,
          chequers_serial_rivers_small_3, hangedman_decor_riveting, uniq_sigmund
D:5:      layout_basic, grunt_dithmenos_smoke_and_mirrors, kennysheep_cross_room
D:6:      cheibrodos_thug_alley, layout_loops_corners, slow_altar_1,
          minmay_temple_entry_proselytizer, bh_walls_and_bars, uniq_maggie
Temple:   eino_temple_rhombus

Skill      XL: |  1  2  3  4  5  6  7  8 |
---------------+-------------------------+-----
Axes           | 3 4 5 6 7 9 10 | 10.0
Fighting       | 4 5 |  5.5
Armour         | 4 5 |  5.1
Throwing       | 1 2 |  2.7
Shields        | 4 |  4.1
Slings         | |  0.5
Evocations     | |  0.3

Action                   |  1- 3 |  4- 6 |  7- 9 || total
-------------------------+-------+-------+-------++-------
Melee: War axe           |   104 |    42 |    97 ||   243
 Fire: Hunting sling     |       |    21 |    10 ||    31
Throw: Dart              |     1 |     1 |    10 ||    12
       Stone             |     1 |       |     7 ||     8
       Throwing net      |       |       |     1 ||     1
Evoke: Wand              |       |     1 |     6 ||     7
  Use: Scroll            |     9 |     2 |       ||    11
       Potion            |       |     1 |     2 ||     3
Armor: Scale mail        |    67 |     9 |    10 ||    86
       Chain mail        |       |       |    26 ||    26
Dodge: Dodged            |    50 |    14 |    27 ||    91
Block: Buckler           |    24 |    14 |    19 ||    57

Table legend: (Time is in decaauts)
 A = Elapsed time spent in this place.
 B = Non-inter-level travel time spent in this place.
 C = Inter-level travel time spent in this place.
 D = Time resting spent in this place.
 E = Time spent auto-exploring this place.
 F = Levels seen in this place.
 G = Mean time per level.
                   A        B        C        D        E       F      G
               +--------+--------+--------+--------+--------+-----+--------+
         Total |   5079 |   4952 |    127 |    749 |   3384 |   7 |  725.6 |
       Dungeon |   4859 |   4752 |    107 |    749 |   3210 |   6 |  809.8 |
        Temple |    219 |    199 |     20 |      0 |    174 |   1 |  219.0 |
               +--------+--------+--------+--------+--------+-----+--------+

Top non-repeatable levels by time:
     D:5: 1102 daAuts
     D:4: 1091 daAuts
     D:1: 935 daAuts
     D:6: 829 daAuts
     D:2: 709 daAuts
  Temple: 219 daAuts
     D:3: 190 daAuts
